 Dungeon Crawl Stone Soup version 0.21.0 (webtiles) character file.

123 edsrzf the Chopper (level 4, -4/58 HPs)
             Began as a Minotaur Berserker on Jan 21, 2018.
             Was a Believer of Trog.
             Slain by a gnoll
             ... wielding a cursed -1 spear
              (8 damage)
             ... on level 3 of the Dungeon.
             The game lasted 00:01:58 (780 turns).

edsrzf the Chopper (Minotaur Berserker)              Turns: 780, Time: 00:01:59

Health: -4/58      AC:  2    Str: 26    XL:     4   Next: 79%
Magic:  3/3        EV: 12    Int:  4    God:    Trog [**....]
Gold:   37         SH:  0    Dex: 11    Spells: 3/3 levels left

rFire    . . .     SeeInvis .   a - +0 hand axe
rCold    . . .     Gourm    .   (no shield)
rNeg     . . .     Faith    .   b - +0 animal skin
rPois    .         Spirit   .   (helmet restricted)
rElec    .         Reflect  .   (no cloak)
rCorr    .         Harm     .   (no gloves)
MR       .....                  (no boots)
Stlth    ..........             (no amulet)
HPRegen  0.19/turn              (no ring)
MPRegen  0.08/turn              (no ring)

@: berserking, lethally poisoned (-4 -> -11), very quick
A: retaliatory headbutt, horns 2
a: Berserk, Trog's Hand, Burn Spellbooks, Renounce Religion


You were on level 3 of the Dungeon.
You worshipped Trog.
Trog was pleased with you.
You were very hungry.

You visited 1 branch of the dungeon, and saw 3 of its levels.

You collected 37 gold pieces.

Inventory:

Hand Weapons
 a - a +0 hand axe (weapon)
Missiles
 e - 14 bolts
Armour
 b - a +0 animal skin (worn)
Scrolls
 d - a scroll of teleportation {unknown}
 g - a scroll of remove curse {unknown}
 h - a scroll of enchant weapon {unknown}
 i - a scroll of immolation {unknown}
 k - a scroll of identify {unknown}
Potions
 j - a potion of curing {unknown}
Comestibles
 c - 2 rations
 f - 3 chunks of flesh


   Skills:
 - Level 3.6 Fighting
 + Level 6.7 Axes
 - Level 2.4 Armour
 - Level 2.1 Dodging


You had 3 spell levels left.
You didn't know any spells.

Dungeon Overview and Level Annotations

Branches:
Dungeon (3/15)

Altars:


Innate Abilities, Weirdness & Mutations

You reflexively headbutt those who attack you in melee.
You have a pair of horns on your head.


Message History

Trog accepts your kill.
No target in view!
No target in view!
Found a flail.
There is a stone staircase leading up here.
You climb upwards.
A bat and a rat come into view.
The rat moves out of view.
Found a glowing red potion and a scroll labeled PIOFIY BAXIRR.
There is a stone staircase leading down here.
Found 13 sling bullets.
Found a stone staircase leading down.
You miss the bat. Your headbutt misses the bat. The bat closely misses you.
You closely miss the bat. The bat closely misses you.
You barely miss the rat. You hit the bat but do no damage.
The bat closely misses you. The bat barely misses you. The rat misses you.
You hit the rat.
You kill the rat!
Trog accepts your kill.
You closely miss the bat. The bat hits you. The bat barely misses you.
The bat closely misses you. You furiously retaliate!
You headbutt the bat.
You kill the bat!
Trog accepts your kill.
No target in view!
No target in view!
No target in view!
There is a stone staircase leading down here.
HP restored.
j - a glowing red potion
k - a scroll labeled PIOFIY BAXIRR
There is an open door here.
There is an open door here.
A rat comes into view.
The rat barely misses you.
You slash the rat!
You kill the rat!
Trog accepts your kill.
No target in view!
No target in view!
There is a stone staircase leading down here.
You climb downwards. 2 gnolls come into view.
The gnoll shouts! 2 gnolls come into view.
A gnoll is wielding a spear of venom.
There is a stone staircase leading up here.
Found a stone staircase leading down.
The gnoll shouts! x2
The gnoll shouts!
The gnoll hits you with a spear of venom.
You are poisoned.
The gnoll hits you with a halberd!
A red film seems to cover your vision as you go berserk!
You feel yourself moving faster!
You feel mighty!
You are feeling very hungry.
You feel sick.
The gnoll hits you with a spear of venom.
Unknown command.
You completely miss the gnoll. You hit the gnoll.
You feel sick. The gnoll closely misses you.
You barely miss the gnoll. You slash the gnoll!
The gnoll hits you with a spear of venom!
* * * LOW HITPOINT WARNING * * *
You are lethally poisoned!
The gnoll misses you. You furiously retaliate!
You headbutt the gnoll!
You kill the gnoll!
Trog accepts your kill.
You slash the gnoll! Your headbutt misses the gnoll.
The gnoll is severely wounded.
* * * LOW HITPOINT WARNING * * *
You feel sick.
You see here a halberd.
Press: ? - help, v - describe, . - travel
Here: a gnoll, wielding a spear The floor.
You hit the gnoll.
You kill the gnoll!
Trog accepts your kill.
You closely miss the gnoll. You hit the gnoll.
* * * LOW HITPOINT WARNING * * *
You feel sick. The gnoll hits you but does no damage.
Press: ? - help, v - describe, . - travel
Here: a gnoll, wielding a spear (moderately wounded)
The floor.
Unknown command.
You closely miss the gnoll.
The gnoll is moderately wounded.
You barely miss the gnoll. The gnoll closely misses you.
You furiously retaliate!
You headbutt the gnoll! You closely miss the gnoll.
Your headbutt misses the gnoll.
The gnoll is moderately wounded.
You hit the gnoll.
You kill the gnoll!
Trog accepts your kill.
* * * LOW HITPOINT WARNING * * *
You feel sick. The gnoll hits you but does no damage.
You closely miss the gnoll.
The gnoll is moderately wounded.
* * * LOW HITPOINT WARNING * * *
You feel sick. The gnoll hits you with a spear!
You die...

.#.# ...# ##.# ##...##
.# ...####<....##
#####.# ####....###..#
#..... ....###)# #...
...#. ##.## #.#
#..###...## #..# #..
......... #.)# ##.#
#^#.#..# ....
#....#<#.#@g#..#.
#...............†).....#
#.#..##...##.#.####..###
#. ...... >..#.# .# ..
.....#.####.. # ##
#.#### ####


You could see a gnoll.

Vanquished Creatures
  3 orc wizards (D:3)
  3 gnolls (D:3)
  A worm (D:2)
  5 orcs (D:3)
  3 giant cockroaches
  A goblin (D:3)
  2 hobgoblins (D:3)
  A ball python (D:3)
  4 bats
  3 kobolds
  3 rats (D:2)
29 creatures vanquished.

Notes
Turn   | Place    | Note
-------+----------+-------------------------------------------
     0 | D:1      | edsrzf the Minotaur Berserker began the quest for the Orb.
     0 | D:1      | Reached XP level 1. HP: 19/19 MP: 0/0
    74 | D:1      | Reached skill level 4 in Axes
   318 | D:2      | Reached XP level 2. HP: 26/26 MP: 1/1
   419 | D:3      | Reached skill level 5 in Axes
   422 | D:3      | Reached XP level 3. HP: 18/31 MP: 2/2
   611 | D:3      | Reached skill level 6 in Axes
   611 | D:3      | Reached XP level 4. HP: 39/39 MP: 3/3
   615 | D:3      | Reached ** piety under Trog
   780 | D:3      | Slain by a gnoll

Skill      XL: |  1  2  3 |
---------------+----------+-----
Axes           | 4 5 6 |  6.7
Fighting       | |  3.6
Armour         | |  2.4
Dodging        | |  2.1

Action                   |  1- 3 |  4- 6 || total
-------------------------+-------+-------++-------
Melee: Hand axe          |    27 |    25 ||    52
       Headbutt          |     2 |     3 ||     5
Invok: Berserk           |     3 |     1 ||     4
  Eat: Chunk             |     1 |     1 ||     2
Armor: Animal skin       |     9 |     1 ||    10
Dodge: Dodged            |    17 |    18 ||    35
